 Dungeon Crawl Stone Soup version 0.27.0-1-g7a089689b8 (webtiles) character file.

Game seed: 12726923089561855058

107 sanka the Caller (level 4, -1/36 HPs)
             Began as a Demigod Summoner on Aug 1, 2021.
             Slain by an ufetubus (4 damage)
             ... on level 4 of the Dungeon.
             The game lasted 00:09:22 (5600 turns).

sanka the Caller (Demigod Summoner)                 Turns: 5600, Time: 00:09:23

Health: -1/36      AC:  2    Str:  9    XL:     4   Next: 32%
Magic:  2/9        EV: 13    Int: 21    God:
Gold:   121        SH:  0    Dex: 14    Spells: 5/7 levels left

rFire    . . .     SeeInvis .   l - +0 trident
rCold    . . .     Faith    .   (no shield)
rNeg     . . .     Spirit   .   a - +0 robe
rPois    .         Reflect  .   (no helmet)
rElec    .         Harm     .   (no cloak)
rCorr    .         Rampage  .   (no gloves)
Will     .....                  (no boots)
Stlth    ++........             (no amulet)
HPRegen  0.12/turn              (no ring)
MPRegen  0.11/turn              o - ring of wizardry

@: no status effects
A: high mp 1, forlorn
a: no special abilities


You were on level 4 of the Dungeon.
You visited 1 branch of the dungeon, and saw 4 of its levels.

You collected 121 gold pieces.


Innate Abilities, Weirdness & Mutations

Your attributes grow dramatically as you level up.
You have an increased reservoir of magic. (+10% MP)
You shall have no god before yourself.


   Skills:
 + Level 2.2 Fighting
 + Level 3.1 Dodging
 - Level 1.7 Stealth
 - Level 2.0 Spellcasting
 - Level 4.0 Summonings


You had 5 spell levels left.
You knew the following spells:

 Your Spells              Type           Power      Damage    Failure   Level
x - Call Imp              Summ           18%        N/A       1%          2

Your spell library contained the following spells:

 Spells                   Type           Power      Damage    Failure   Level
 Summon Small Mammal      Summ           72%        N/A       1%          1
 Call Canine Familiar     Summ           18%        N/A       3%          3
 Magic Dart               Conj           8%         1d3       6%          1
 Summon Guardian Golem    Hex/Summ       10%        N/A       8%          3
 Searing Ray              Conj           4%         3d3       9%          2
 Stone Arrow              Conj/Erth      4%         3d7       17%         3
 Summon Lightning Spire   Summ/Air       10%        N/A       26%         4
 Fulminant Prism          Conj/Hex       1%         3d6       47%         4
 Petrify                  Tmut/Erth      2%         N/A       47%         4

Inventory:

Hand Weapons
 d - a +0 short sword
 e - a +0 spear
 l - a +0 trident (weapon)
Missiles
 h - 18 poisoned darts
Armour
 a - a +0 robe (worn)
Magical Staves
 m - a staff of poison
Jewellery
 o - a ring of wizardry (right hand)
Scrolls
 b - a scroll of enchant weapon {unknown}
 c - 2 scrolls of teleportation {@r4}
 j - a scroll of fear
 k - a scroll of magic mapping {unknown}
 p - a scroll of amnesia
 r - a scroll of vulnerability {unknown}
 u - a scroll of blinking
 v - 2 scrolls of noise {unknown}
Potions
 f - a potion of might {unknown}
 g - 2 potions of lignification {unknown}
 i - a potion of curing {@q1}
 n - a potion of attraction {unknown}
 q - 2 potions of brilliance {unknown}
 s - a potion of flight {unknown}
 t - 2 potions of magic {unknown}

Dungeon Overview and Level Annotations

Branches:
Dungeon (4/15)
 Temple: D:4-7

Shops:
D:2 :   D:3 *

Annotations:
D:3 Ijyb

▒.....▒▒ ▒.▒▒ ▒▒▒..
...▒▒▒▒.... ▒.....
...▒...... ▒....
▒.........
.▒....▒▒......▒..
.......g.......▒
....▒...s▒.>▒...▒
.....▒▒..5▒▒.▒ ...
.....▒▒..▒p▒W▒.....
...........5.▒..▒
.........▒▒.....▒
.........▒...▒.▒▒
........▒▒...▒..▒
................▒
..........5......▒
........<.........
.........▒........


You could see a scorpion (ally target), an ufetubus, a hobgoblin and a friendly
crimson imp (summoned).


Message History

Your crimson imp hits the scorpion but does no damage.
Your shadow imp hits the scorpion.
The scorpion stings your shadow imp but does no damage.
Unknown command.
Your crimson imp hits the scorpion.
Your shadow imp gestures at the scorpion.
The scorpion struggles to resist.
The scorpion stings your shadow imp!
Unknown command.
The scorpion stings your shadow imp but does no damage.
Your crimson imp closely misses the scorpion.
Your shadow imp gestures at the scorpion.
The scorpion struggles to resist.
Unknown command.
The scorpion stings your shadow imp.
Your shadow imp dies!
Found a stone staircase leading down.
A hobgoblin comes into view.
An ufetubus comes into view.
The ufetubus completely misses you. The ufetubus barely misses you.
The scorpion stings you.
* * * LOW HITPOINT WARNING * * *
The hobgoblin shouts!
The ufetubus hits you.
* * * LOW HITPOINT WARNING * * *
The ufetubus misses you.
The ufetubus hits you but does no damage.
The ufetubus hits you.
You die...

Action                   |  1- 3 |  4- 6 || total
-------------------------+-------+-------++-------
Melee: Spear             |    21 |       ||    21
       Unarmed           |     1 |       ||     1
       Trident           |   105 |    66 ||   171
 Cast: Summon Small Mamm |    19 |       ||    19
       Call Imp          |    18 |     8 ||    26
  Use: Scroll            |       |     4 ||     4
       Potion            |       |     3 ||     3
 Stab: Sleeping          |     7 |     2 ||     9
       Distracted        |       |     1 ||     1
Armor: Robe              |    21 |     8 ||    29
Dodge: Dodged            |    83 |    41 ||   124

Levels and vault maps discovered:
D:1:      psy_arrival_radial02, layout_basic
D:2:      layout_loops_ring, serial_shops, shop, ebering_ecumenical_altar_webs
D:3:      kennysheep_six_static_rooms, layout_basic,
          mainiacjoe_overflow_24_doors, nicolae_gozag_zags_fifth_avenue,
          minmay_surrounded, uniq_ijyb
D:4:      layout_cave_pools, pdpol_wu_jian_five_deadly_venoms,
          mainiacjoe_overflow_paths, minitemple, mainiacjoe_overflow_swirl

Notes
Turn   | Place    | Note
-------+----------+-------------------------------------------
     0 | D:1      | sanka the Demigod Summoner began the quest for the Orb.
     0 | D:1      | Reached XP level 1. HP: 14/14 MP: 5/5
   649 | D:1      | Reached skill level 2 in Spellcasting
  1384 | D:1      | Reached skill level 4 in Summonings
  1384 | D:1      | Reached XP level 2. HP: 17/20 MP: 7/7
  1835 | D:2      | Learned a level 2 spell: Call Imp
  1933 | D:2      | Reached skill level 2 in Dodging
  1934 | D:2      | Found Toym's Book Boutique.
  2043 | D:2      | Reached skill level 1 in Fighting
  2478 | D:2      | Reached XP level 3. HP: 25/28 MP: 8/8
  3558 | D:3      | Noticed Ijyb
  4228 | D:3      | Reached skill level 2 in Fighting
  4228 | D:3      | Reached XP level 4. HP: 35/36 MP: 9/9
  4564 | D:3      | Reached skill level 3 in Dodging
  4594 | D:3      | Got the Disquisition on Transmigration and Stones
  4861 | D:3      | Found Gozag's Platinum Reserve.
  5583 | D:4      | Noticed a phantom
  5586 | D:4      | HP: 1/36 [scorpion (6)]
  5596 | D:4      | HP: 3/36 [scorpion (4)]
  5600 | D:4      | Slain by an ufetubus

Vanquished Creatures
  A gnoll (D:3)
  An adder (D:3)
  3 worms
  An orc (D:3)
  A ball python (D:3)
  7 endoplasms
  3 giant cockroaches
  3 hobgoblins
  6 jackals
  A quokka (D:3)
  2 bats
  4 frilled lizards (D:3)
  3 goblins
  3 kobolds
  5 rats
44 creatures vanquished.

Vanquished Creatures (collateral kills)
  3 gnolls (D:3)
  An adder (D:2)
  A worm (D:2)
  A giant cockroach (D:1)
  A goblin (D:1)
  A hobgoblin (D:1)
  5 jackals
  2 kobolds (D:1)
  2 bats
17 creatures vanquished.

Grand Total: 61 creatures vanquished
